Panthers vs Flames (R2)

Created - 24 avril 2016 at 08:19

Goals
1 2 3 T
Panthers 3 2 1 6
Flames 1 0 0 1
Shots
1 2 3 T
Panthers 3 22 8 33
Flames 10 14 11 35

1st period

1. Flames , Alexander Semin 39 (David Backes, Eric Staal) at 7:59
2. Panthers , Peter Prucha 22 (Mats Sundin, Daniel Paille) at 8:10
3. Panthers , Mats Sundin 12 (Peter Prucha, Steve Montador) at 9:05 (PP)
4. Panthers , Bryan McCabe 12 (Marian Hossa) at 13:30 (PP)

Penalties :
Colin Wilson (Cal) for Hooking (Minor) at 1:54, Nick Schultz (Flo) for Roughing (Minor) at 5:48, Steve Eminger (Cal) for Interference (Minor) at 8:30, David Backes (Cal) for Holding (Minor) at 12:45, Jordin Tootoo (Cal) for Hooking (Minor) at 14:26, Keith Aulie (Flo) for Hooking (Minor) at 17:01

2nd period

5. Panthers , Marian Hossa 43 (Taylor Hall, Scott Gomez) at 9:13
6. Panthers , Marian Hossa 44 (Scott Gomez) at 14:11 (PP)

Penalties :
Alexander Semin (Cal) for Hooking (Minor) at 0:03, Milan Hejduk (Cal) for Interference (Minor) at 3:25, Steve Regier (Cal) for Tripping (Minor) at 9:41, David Backes (Cal) for Roughing (Minor) at 14:09

3rd period

7. Panthers , Ryan Bayda 13 (Lubomir Visnovsky) at 11:01

Penalties :
Tomas Kaberle (Cal) for Fighting (Major) at 0:55, Alexander Perezhogin (Flo) for Fighting (Major) at 0:55, Filip Kuba (Cal) for Holding (Minor) at 2:42, Steve Montador (Flo) for Tripping (Minor) at 13:16, Alexander Perezhogin (Flo) for Tripping (Minor) at 15:45

Goalie Stats

Jeff Deslauriers (Flo), 34 saves from 35 shots - (0,971), W, 8-5-4, 60:00 minutes
Craig Anderson (Cal), 27 saves from 33 shots - (0,818), L, 13-4-1, 60:00 minutes

Players Stats for Panthers

Player Name              G  A  P  +/- PIM S  H  SB GA TA FO     MP     PP MP  PK MP  
------------------------------------------------------------------------------------
Alexander Perezhogin     0  0  0  -1  7   3  2  0  0  0  0/1     8:52   0:53   0:00 
Bryan McCabe             1  0  1   3  0   2  1  2  0  1  0/0    24:02   5:50   3:44 
Daniel Paille            0  1  1   1  0   1  1  0  0  0  1/3    20:42   5:58   4:11 
Jeff Tambellini          0  0  0  -1  0   1  0  0  1  0  0/0    10:30   1:08   0:49 
Jonathan Matsumoto       0  0  0   1  0   0  0  0  0  0  3/5     6:02   0:00   0:00 
Keith Aulie              0  0  0   0  2   1  0  1  0  0  0/0    15:19   0:54   1:32 
Lubomir Visnovsky        0  1  1   2  0   0  3  0  0  0  0/0    24:19   5:45   4:50 
Marian Hossa             2  1  3   1  0   2  2  0  0  0  2/3    22:21   6:21   2:23 
Mats Sundin              1  1  2   1  0   1  2  0  1  0  9/15   19:45   5:55   2:34 
Matthew Spiller          0  0  0  -1  0   0  0  0  0  1  0/0    16:45   6:19   1:28 
Mattias Weinhandl        0  0  0   1  0   1  0  0  0  0  0/0     7:01   0:07   0:00 
Nick Schultz             0  0  0   0  2   1  1  0  0  0  0/0    10:04   0:07   1:20 
Peter Prucha             1  1  2   1  0   5  0  0  1  0  0/0    16:28   5:55   0:00 
Rickard Wallin           0  0  0  -1  0   2  0  1  0  0  2/6     9:34   1:03   0:00 
Ryan Bayda               1  0  1   1  0   3  0  0  0  0  0/0     7:01   0:07   0:00 
Scott Gomez              0  2  2   1  0   3  2  0  2  1  15/39  24:13   6:18   4:37 
Steve Montador           0  1  1   0  2   5  3  3  0  2  0/0    28:35   7:30   2:58 
Taylor Hall              0  1  1   1  0   2  4  0  0  0  2/3    20:26   6:10   1:18 

Players Stats for Flames

Player Name              G  A  P  +/- PIM S  H  SB GA TA FO     MP     PP MP  PK MP  
------------------------------------------------------------------------------------
Alexander Semin          1  0  1  -1  2   4  2  0  1  0  0/0    18:17   4:35   2:48 
Brad Marchand            0  0  0   0  0   0  1  0  0  0  0/0     5:11   0:21   0:24 
Colin Wilson             0  0  0   0  2   0  1  0  0  0  5/13   16:32   0:00   6:24 
David Backes             0  1  1  -1  4   5  1  0  2  0  1/3    23:12   4:44   6:46 
Eric Staal               0  1  1  -1  0   0  3  0  1  2  24/36  21:14   4:44   5:46 
Erik Johnson             0  0  0   0  0   1  1  3  0  1  0/0    24:01   4:37   6:02 
Filip Kuba               0  0  0  -3  2   1  6  0  1  1  0/0    21:16   4:37   0:00 
Joe Corvo                0  0  0   1  0   0  1  0  0  0  0/0    14:16   3:19   0:49 
Jordin Tootoo            0  0  0  -1  2   4  1  1  0  0  0/0    15:53   0:00   3:18 
Mark Bell                0  0  0  -1  0   4  0  1  0  0  1/1    12:33   0:00   0:00 
Michel Ouellet           0  0  0   0  0   5  0  0  0  0  0/0     7:42   3:12   0:00 
Mikhail Grabovski        0  0  0   0  0   1  0  0  0  0  4/5     6:51   0:00   1:06 
Milan Hejduk             0  0  0   0  2   1  2  0  0  0  0/0     9:50   0:00   0:00 
Patrik Berglund          0  0  0  -1  0   3  1  2  0  0  6/16   15:32   3:12   0:00 
Ron Hainsey              0  0  0   1  0   3  0  0  0  0  0/0    17:53   0:00   7:49 
Steve Eminger            0  0  0  -3  2   1  1  5  0  1  0/0    24:19   0:00   7:14 
Steve Regier             0  0  0   0  2   0  2  0  0  0  0/1    12:58   3:00   0:00 
Tomas Kaberle            0  0  0   0  5   2  4  0  0  0  0/0    19:04   3:19   4:38 

3 Stars

1 - Marian Hossa (Flo)
2 - Jeff Deslauriers (Flo)
3 - Mats Sundin (Flo)

Power Play

Panthers - 3 on 9 Attempt(s) - 33,33%
Flames - 0 on 4 Attempt(s) - 0,00%

Penalty Kill

Panthers - 4 on 4 Attempt(s) - 100,00% - Score 0 goal in Penalty Kill
Flames - 6 on 9 Attempt(s) - 66,67% - Score 0 goal in Penalty Kill

Team Stat

Panthers - Hits : 21 - Faceoff Wins : 34 - Blocked Shots : 7 - Penalty Minutes : 13
Flames - Hits : 27 - Faceoff Wins : 41 - Blocked Shots : 12 - Penalty Minutes : 23

Official

Referees : Pochmara Brian and Pollock Kevin
Linesman : Pierre Racicot and Pierre Champoux

Game Notes

Matthew Spiller is injured at 17:40 of 2nd period (Sports Hernia)
Alexander Perezhogin beats up Tomas Kaberle at 0:55 of 3rd period

Finance

Level 1 -- Attendance: 4768 (79,47%) -- Ticket Income 424 352 $
Level 2 -- Attendance: 3568 (71,36%) -- Ticket Income 203 376 $
Level 3 -- Attendance: 1523 (76,15%) -- Ticket Income 50 259 $
Level 4 -- Attendance: 3028 (75,70%) -- Ticket Income 72 672 $
Luxury Box -- Attendance: 798 (79,80%) -- Ticket Income 152 418 $
Game was played at the Metal Center.
Total Attendance: 13685 (76,03%)
Total Ticket Income: 903 077 $
Other Income: 135 462 $
Total Income: 1 038 539 $

Panthers

5 vs 5 Forward 
   Center                   Left Wing                Right Wing               Time % Phy DF OF 
 1 Scott Gomez              Taylor Hall              Marian Hossa             40     0   2  3  
 2 Mats Sundin              Daniel Paille            Peter Prucha             30     0   2  3  
 3 Rickard Wallin           Jeff Tambellini          Alexander Perezhogin     20     1   2  2  
 4 Jonathan Matsumoto       Ryan Bayda               Mattias Weinhandl        10     1   2  2  

5 vs 5 Defense 
   Defense                  Defense                                           Time % Phy DF OF 
 1 Steve Montador           Matthew Spiller                                   40     0   2  3  
 2 Bryan McCabe             Lubomir Visnovsky                                 30     0   2  3  
 3 Keith Aulie              Nick Schultz                                      20     1   2  2  
 4 Steve Montador           Matthew Spiller                                   10     1   2  2  

PowerPlay Forward 
   Center                   Left Wing                Right Wing               Time % Phy DF OF 
 1 Scott Gomez              Taylor Hall              Marian Hossa             60     0   1  4  
 2 Mats Sundin              Daniel Paille            Peter Prucha             40     0   1  4  

PowerPlay Defense
   Defense                  Defense                                           Time % Phy DF OF 
 1 Steve Montador           Matthew Spiller                                   60     0   2  3  
 2 Bryan McCabe             Lubomir Visnovsky                                 40     0   2  3  

Penalty Kill 4 Players Forward 
   Center                   Wing                     Time % Phy DF OF 
 1 Scott Gomez              Daniel Paille            60     1   4  0  
 2 Mats Sundin              Marian Hossa             40     1   4  0  

Penalty Kill 4 Players Defense
   Defense                  Defense                  Time % Phy DF OF 
 1 Steve Montador           Lubomir Visnovsky        60     1   4  0  
 2 Bryan McCabe             Matthew Spiller          40     1   4  0  

Penalty Kill - 3 Players Forward 
   Forward                                           Time % Phy DF OF 
 1 Scott Gomez                                       60     1   4  0  
 2 Daniel Paille                                     40     1   4  0  

Penalty Kill - 3 Players Defense
   Defense                  Defense                  Time % Phy DF OF 
 1 Steve Montador           Lubomir Visnovsky        60     1   4  0  
 2 Matthew Spiller          Bryan McCabe             40     1   4  0  

4 vs 4 Forward 
   Center                   Wing                     Time % Phy DF OF 
 1 Scott Gomez              Marian Hossa             60     0   2  3  
 2 Mats Sundin              Peter Prucha             40     0   2  3  

4 vs 4 Defense
   Defense                  Defense                  Time % Phy DF OF 
 1 Steve Montador           Matthew Spiller          60     1   2  2  
 2 Bryan McCabe             Lubomir Visnovsky        40     1   2  2  

Last Minutes Offensive
   Center                   Left Wing                Right Wing               Defense                  Defense                  
   Scott Gomez              Taylor Hall              Marian Hossa             Steve Montador           Matthew Spiller          

Last Minutes Defensive
   Center                   Left Wing                Right Wing               Defense                  Defense                  
   Scott Gomez              Taylor Hall              Marian Hossa             Steve Montador           Lubomir Visnovsky        

Goaltenders
Starting : Jeff Deslauriers         
Backup : Antti Niemi              

Extra Forwards
Normal : Scott Gomez, Marian Hossa, Taylor Hall - PP : Scott Gomez, Taylor Hall - PK : Taylor Hall
Extra Defensemen
Normal : Keith Aulie, Matthew Spiller, Steve Montador - PP : Lubomir Visnovsky - PK : Matthew Spiller, Lubomir Visnovsky
Penalty Shots
Taylor Hall, Peter Prucha, Scott Gomez, Marian Hossa, Daniel Paille

Flames

5 vs 5 Forward 
   Center                   Left Wing                Right Wing               Time % Phy DF OF 
 1 Eric Staal               Alexander Semin          David Backes             39     1   2  2  
 2 Patrik Berglund          Mark Bell                Jordin Tootoo            30     1   2  2  
 3 Colin Wilson             Steve Regier             Milan Hejduk             21     1   2  2  
 4 Mikhail Grabovski        Brad Marchand            Michel Ouellet           10     1   2  2  

5 vs 5 Defense 
   Defense                  Defense                                           Time % Phy DF OF 
 1 Filip Kuba               Steve Eminger                                     40     1   2  2  
 2 Tomas Kaberle            Erik Johnson                                      30     1   2  2  
 3 Ron Hainsey              Joe Corvo                                         20     1   2  2  
 4 Filip Kuba               Steve Eminger                                     10     1   2  2  

PowerPlay Forward 
   Center                   Left Wing                Right Wing               Time % Phy DF OF 
 1 Eric Staal               Alexander Semin          David Backes             60     1   2  2  
 2 Patrik Berglund          Steve Regier             Michel Ouellet           40     1   2  2  

PowerPlay Defense
   Defense                  Defense                                           Time % Phy DF OF 
 1 Filip Kuba               Erik Johnson                                      60     1   2  2  
 2 Tomas Kaberle            Joe Corvo                                         40     1   2  2  

Penalty Kill 4 Players Forward 
   Center                   Wing                     Time % Phy DF OF 
 1 Colin Wilson             David Backes             60     1   3  1  
 2 Eric Staal               Jordin Tootoo            40     1   3  1  

Penalty Kill 4 Players Defense
   Defense                  Defense                  Time % Phy DF OF 
 1 Ron Hainsey              Steve Eminger            60     1   3  1  
 2 Tomas Kaberle            Erik Johnson             40     1   3  1  

Penalty Kill - 3 Players Forward 
   Forward                                           Time % Phy DF OF 
 1 Eric Staal                                        60     1   4  0  
 2 David Backes                                      40     1   4  0  

Penalty Kill - 3 Players Defense
   Defense                  Defense                  Time % Phy DF OF 
 1 Ron Hainsey              Steve Eminger            60     1   4  0  
 2 Tomas Kaberle            Erik Johnson             40     1   4  0  

4 vs 4 Forward 
   Center                   Wing                     Time % Phy DF OF 
 1 Eric Staal               Alexander Semin          60     1   2  2  
 2 Patrik Berglund          David Backes             40     1   2  2  

4 vs 4 Defense
   Defense                  Defense                  Time % Phy DF OF 
 1 Filip Kuba               Steve Eminger            60     1   2  2  
 2 Tomas Kaberle            Erik Johnson             40     1   2  2  

Last Minutes Offensive
   Center                   Left Wing                Right Wing               Defense                  Defense                  
   Eric Staal               Alexander Semin          David Backes             Filip Kuba               Steve Eminger            

Last Minutes Defensive
   Center                   Left Wing                Right Wing               Defense                  Defense                  
   Eric Staal               Alexander Semin          David Backes             Filip Kuba               Steve Eminger            

Goaltenders
Starting : Craig Anderson           
Backup : Pekka Rinne              

Extra Forwards
Normal : Alexander Semin, Jordin Tootoo, Mark Bell - PP : Michel Ouellet, Brad Marchand - PK : David Backes
Extra Defensemen
Normal : Erik Johnson, Joe Corvo, Tomas Kaberle - PP : Filip Kuba - PK : Erik Johnson, Ron Hainsey
Penalty Shots
Eric Staal, Alexander Semin, David Backes, Patrik Berglund, Mark Bell

% Time on Ice - Panthers

Lines # - Real PCT - Wanted PCT - Time Play
Normal Forward
1 - 36% - 40% - 13:54
2 - 29% - 30% - 11:16
3 - 20% - 20% - 7:36
4 - 16% - 10% - 6:02
Normal Defense
1 - 49% - 40% - 19:12
2 - 30% - 30% - 11:46
3 - 18% - 20% - 7:05
4 - 2% - 10% - 0:45
PP Forward
1 - 51% - 60% - 6:44
2 - 49% - 40% - 6:32
PP Defense
1 - 63% - 60% - 8:18
2 - 37% - 40% - 4:58
PK Forward
1 - 70% - 60% - 5:33
2 - 30% - 40% - 2:23
PK Defense
1 - 62% - 60% - 4:57
2 - 38% - 40% - 2:59
PK3 Forward
1 - 0% - 60%
2 - 0% - 40%
PK3 Defense
1 - 0% - 60%
2 - 0% - 40%
44 Forward
1 - 0% - 60%
2 - 0% - 40%
44 Defense
1 - 0% - 60%
2 - 0% - 40%
Last Minute Offensive  - 0:00
Last Minute Defensive  - 0:00
Total
Forward - 60:00
Defense - 60:00

% Time on Ice - Flames

Lines # - Real PCT - Wanted PCT - Time Play
Normal Forward
1 - 31% - 39% - 11:54
2 - 33% - 30% - 12:42
3 - 25% - 21% - 9:49
4 - 11% - 10% - 4:23
Normal Defense
1 - 45% - 40% - 17:19
2 - 34% - 30% - 13:04
3 - 21% - 20% - 8:08
4 - 1% - 10% - 0:17
PP Forward
1 - 60% - 60% - 4:44
2 - 40% - 40% - 3:12
PP Defense
1 - 58% - 60% - 4:37
2 - 42% - 40% - 3:19
PK Forward
1 - 67% - 60% - 8:55
2 - 33% - 40% - 4:21
PK Defense
1 - 59% - 60% - 7:49
2 - 41% - 40% - 5:27
PK3 Forward
1 - 0% - 60%
2 - 0% - 40%
PK3 Defense
1 - 0% - 60%
2 - 0% - 40%
44 Forward
1 - 0% - 60%
2 - 0% - 40%
44 Defense
1 - 0% - 60%
2 - 0% - 40%
Last Minute Offensive  - 0:00
Last Minute Defensive  - 0:00
Total
Forward - 60:00
Defense - 60:00

Play by Play

1st period


0:01 of 1st period - Eric Staal wins face-off versus Scott Gomez in neutral zone.
0:26 of 1st period - Matthew Spiller is hit by Colin Wilson and loses puck.
1:21 of 1st period - Snap shot by Milan Hejduk.
1:21 of 1st period - Shot Misses the Net.
1:54 of 1st period - Minor Penalty to Colin Wilson for Hooking.
1:55 of 1st period - Mats Sundin wins face-off versus Eric Staal in Flames zone.
1:57 of 1st period - Wrist shot by Peter Prucha.
1:57 of 1st period - Shot Hit the Post.
2:50 of 1st period - Tomas Kaberle is hit by Alexander Perezhogin and loses puck.
3:04 of 1st period - Icing by Rickard Wallin.
3:05 of 1st period - Mikhail Grabovski wins face-off versus Rickard Wallin in Panthers zone.
3:26 of 1st period - Peter Prucha is hit by Tomas Kaberle and loses puck.
3:54 of 1st period - Penalty to Colin Wilson is over, Colin Wilson is back on ice.
4:09 of 1st period - Slapshot by Steve Eminger.
4:09 of 1st period - Deflect By Mark Bell.
4:09 of 1st period - Stopped by Jeff Deslauriers with a rebound.
4:17 of 1st period - Wrist shot by Ryan Bayda.
4:17 of 1st period - Shot Blocked by Jordin Tootoo.
5:48 of 1st period - Minor Penalty to Nick Schultz for Roughing.
5:49 of 1st period - Eric Staal wins face-off versus Daniel Paille in Panthers zone.
6:37 of 1st period - Icing by Alexander Semin.
6:38 of 1st period - Eric Staal wins face-off versus Scott Gomez in Flames zone.
7:25 of 1st period - Icing by David Backes.
7:26 of 1st period - Mats Sundin wins face-off versus Patrik Berglund in Flames zone.
7:48 of 1st period - Penalty to Nick Schultz is over, Nick Schultz is back on ice.
7:49 of 1st period - Snap shot by David Backes.
7:49 of 1st period - Stopped by Jeff Deslauriers without a rebound.
7:50 of 1st period - Eric Staal wins face-off versus Alexander Perezhogin in Panthers zone.
7:59 of 1st period - Wrist shot by Alexander Semin.
7:59 of 1st period - Goal by Alexander Semin - Panthers : 0 - Flames : 1.
8:00 of 1st period - Mats Sundin wins face-off versus Eric Staal in neutral zone.
8:00 of 1st period - Peter Prucha is hit by Alexander Semin.
8:10 of 1st period - Wrist shot by Peter Prucha.
8:10 of 1st period - Goal by Peter Prucha - Panthers : 1 - Flames : 1.
8:11 of 1st period - Eric Staal wins face-off versus Mats Sundin in neutral zone.
8:20 of 1st period - Eric Staal is hit by Mats Sundin.
8:25 of 1st period - Off-side.
8:26 of 1st period - Scott Gomez wins face-off versus Patrik Berglund in neutral zone.
8:30 of 1st period - Minor Penalty to Steve Eminger for Interference.
8:31 of 1st period - Colin Wilson wins face-off versus Scott Gomez in Flames zone.
9:01 of 1st period - Steve Montador is hit by Eric Staal.
9:05 of 1st period - Wrist shot by Mats Sundin.
9:05 of 1st period - Goal by Mats Sundin - Panthers : 2 - Flames : 1.
9:06 of 1st period - Mats Sundin wins face-off versus David Backes in neutral zone.
9:31 of 1st period - Filip Kuba is hit by Marian Hossa and loses puck.
10:30 of 1st period - Snap shot by Peter Prucha.
10:30 of 1st period - Shot Blocked by Steve Eminger.
10:41 of 1st period - Off-side.
10:42 of 1st period - Patrik Berglund wins face-off versus Scott Gomez in neutral zone.
10:56 of 1st period - Icing by Joe Corvo.
10:57 of 1st period - Patrik Berglund wins face-off versus Mats Sundin in Flames zone.
11:08 of 1st period - Mats Sundin is hit by Joe Corvo and loses puck.
11:47 of 1st period - Wrist shot by Jordin Tootoo.
11:47 of 1st period - Shot Blocked by Keith Aulie.
11:55 of 1st period - Mark Bell is hit by Nick Schultz and loses puck.
12:08 of 1st period - Wrist shot by Peter Prucha.
12:08 of 1st period - Shot Misses the Net.
12:22 of 1st period - Wrist shot by Jordin Tootoo.
12:22 of 1st period - Shot Misses the Net.
12:24 of 1st period - Snap shot by Mark Bell.
12:24 of 1st period - Shot Misses the Net.
12:26 of 1st period - Slapshot by Ron Hainsey.
12:26 of 1st period - Stopped by Jeff Deslauriers with a rebound.
12:28 of 1st period - Snap shot by Patrik Berglund.
12:28 of 1st period - Stopped by Jeff Deslauriers with a rebound.
12:30 of 1st period - Snap shot by Joe Corvo.
12:30 of 1st period - Shot Misses the Net.
12:32 of 1st period - Slapshot by Ron Hainsey.
12:32 of 1st period - Stopped by Jeff Deslauriers without a rebound.
12:33 of 1st period - Eric Staal wins face-off versus Marian Hossa in Panthers zone.
12:45 of 1st period - Minor Penalty to David Backes for Holding.
12:46 of 1st period - Scott Gomez wins face-off versus Colin Wilson in Flames zone.
13:28 of 1st period - Slapshot by Bryan McCabe.
13:28 of 1st period - Shot Misses the Net.
13:30 of 1st period - Slapshot by Bryan McCabe.
13:30 of 1st period - Goal by Bryan McCabe - Panthers : 3 - Flames : 1.
13:31 of 1st period - Mikhail Grabovski wins face-off versus Rickard Wallin in neutral zone.
14:26 of 1st period - Minor Penalty to Jordin Tootoo for Hooking.
14:27 of 1st period - David Backes wins face-off versus Scott Gomez in Flames zone.
14:27 of 1st period - David Backes is hit by Steve Montador.
14:52 of 1st period - David Backes is hit by Daniel Paille and loses puck.
16:26 of 1st period - Penalty to Jordin Tootoo is over, Jordin Tootoo is back on ice.
16:37 of 1st period - Snap shot by Mark Bell.
16:37 of 1st period - Shot Misses the Net.
16:39 of 1st period - Slapshot by Patrik Berglund.
16:39 of 1st period - Stopped by Jeff Deslauriers with a rebound.
17:01 of 1st period - Minor Penalty to Keith Aulie for Hooking.
17:02 of 1st period - Scott Gomez wins face-off versus Eric Staal in Panthers zone.
17:13 of 1st period - Slapshot by Filip Kuba.
17:13 of 1st period - Stopped by Jeff Deslauriers without a rebound.
17:14 of 1st period - Scott Gomez wins face-off versus Eric Staal in Panthers zone.
17:29 of 1st period - Wrist shot by Alexander Semin.
17:29 of 1st period - Stopped by Jeff Deslauriers without a rebound.
17:30 of 1st period - Scott Gomez wins face-off versus Eric Staal in Panthers zone.
17:44 of 1st period - Icing by Alexander Semin.
17:45 of 1st period - Eric Staal wins face-off versus Scott Gomez in Flames zone.
18:06 of 1st period - Snap shot by Eric Staal.
18:06 of 1st period - Shot Blocked by Steve Montador.
18:10 of 1st period - Slapshot by David Backes.
18:10 of 1st period - Shot Misses the Net.
18:12 of 1st period - Slapshot by Erik Johnson.
18:12 of 1st period - Stopped by Jeff Deslauriers without a rebound.
18:13 of 1st period - Scott Gomez wins face-off versus Steve Regier in Panthers zone.
18:28 of 1st period - Matthew Spiller is hit by Steve Regier and loses puck.
18:42 of 1st period - Off-side.
18:43 of 1st period - Eric Staal wins face-off versus Mats Sundin in neutral zone.
19:01 of 1st period - Penalty to Keith Aulie is over, Keith Aulie is back on ice.
19:08 of 1st period - Erik Johnson is hit by Lubomir Visnovsky and loses puck.
Goals for this period are 3 for Panthers vs 1 for Flames.
Shots for this period are 3 for Panthers vs 10 for Flames.

2nd period


0:01 of 2nd period - Eric Staal wins face-off versus Scott Gomez in neutral zone.
0:03 of 2nd period - Minor Penalty to Alexander Semin for Hooking.
0:04 of 2nd period - Marian Hossa wins face-off versus Colin Wilson in Flames zone.
0:04 of 2nd period - Snap shot by Scott Gomez.
0:04 of 2nd period - Stopped by Craig Anderson with a rebound.
0:06 of 2nd period - Wrist shot by Scott Gomez.
0:06 of 2nd period - Shot Misses the Net.
0:08 of 2nd period - Wrist shot by Scott Gomez.
0:08 of 2nd period - Shot Misses the Net.
0:30 of 2nd period - Steve Montador is hit by Eric Staal and loses puck.
0:39 of 2nd period - Snap shot by Eric Staal.
0:39 of 2nd period - Shot Misses the Net.
0:41 of 2nd period - Wrist shot by Jordin Tootoo.
0:41 of 2nd period - Stopped by Jeff Deslauriers without a rebound.
0:42 of 2nd period - Taylor Hall wins face-off versus Colin Wilson in Panthers zone.
2:03 of 2nd period - Penalty to Alexander Semin is over, Alexander Semin is back on ice.
2:23 of 2nd period - Jeff Tambellini is hit by Filip Kuba.
2:39 of 2nd period - Wrist shot by Alexander Perezhogin.
2:39 of 2nd period - Deflect By Jeff Tambellini.
2:39 of 2nd period - Stopped by Craig Anderson with a rebound.
2:41 of 2nd period - Backhand shot by Alexander Perezhogin.
2:41 of 2nd period - Stopped by Craig Anderson with a rebound.
2:43 of 2nd period - Slapshot by Lubomir Visnovsky.
2:43 of 2nd period - Shot Blocked by Erik Johnson.
2:45 of 2nd period - Slapshot by Alexander Perezhogin.
2:45 of 2nd period - Stopped by Craig Anderson without a rebound.
2:46 of 2nd period - Scott Gomez wins face-off versus Eric Staal in Flames zone.
3:25 of 2nd period - Minor Penalty to Milan Hejduk for Interference.
3:26 of 2nd period - Scott Gomez wins face-off versus Colin Wilson in Flames zone.
3:28 of 2nd period - Snap shot by Scott Gomez.
3:28 of 2nd period - Stopped by Craig Anderson with a rebound.
3:30 of 2nd period - Snap shot by Marian Hossa.
3:30 of 2nd period - Shot Hit the Post.
3:32 of 2nd period - Slapshot by Matthew Spiller.
3:32 of 2nd period - Deflect By Scott Gomez.
3:32 of 2nd period - Shot Misses the Net.
3:32 of 2nd period - Puck is out of play.
3:33 of 2nd period - Scott Gomez wins face-off versus Colin Wilson in Flames zone.
5:25 of 2nd period - Penalty to Milan Hejduk is over, Milan Hejduk is back on ice.
5:32 of 2nd period - Brad Marchand is hit by Alexander Perezhogin.
5:40 of 2nd period - Snap shot by Alexander Perezhogin.
5:40 of 2nd period - Stopped by Craig Anderson with a rebound.
5:42 of 2nd period - Snap shot by Rickard Wallin.
5:42 of 2nd period - Stopped by Craig Anderson without a rebound.
5:43 of 2nd period - Jonathan Matsumoto wins face-off versus Patrik Berglund in Flames zone.
5:44 of 2nd period - Snap shot by Ryan Bayda.
5:44 of 2nd period - Deflect By Mattias Weinhandl.
5:44 of 2nd period - Shot Blocked by Patrik Berglund.
5:44 of 2nd period - Puck is out of play.
5:45 of 2nd period - Jonathan Matsumoto wins face-off versus Patrik Berglund in Flames zone.
5:46 of 2nd period - Slapshot by Mattias Weinhandl.
5:46 of 2nd period - Stopped by Craig Anderson with a rebound.
5:48 of 2nd period - Slapshot by Nick Schultz.
5:48 of 2nd period - Shot Blocked by Patrik Berglund.
5:50 of 2nd period - Wrist shot by Keith Aulie.
5:50 of 2nd period - Stopped by Craig Anderson with a rebound.
5:52 of 2nd period - Backhand shot by Jonathan Matsumoto.
5:52 of 2nd period - Shot Misses the Net.
5:54 of 2nd period - Snap shot by Nick Schultz.
5:54 of 2nd period - Stopped by Craig Anderson with a rebound.
6:39 of 2nd period - Snap shot by Peter Prucha.
6:39 of 2nd period - Shot Misses the Net.
6:41 of 2nd period - Snap shot by Peter Prucha.
6:41 of 2nd period - Shot Misses the Net.
6:53 of 2nd period - Snap shot by Michel Ouellet.
6:53 of 2nd period - Stopped by Jeff Deslauriers without a rebound.
6:54 of 2nd period - Rickard Wallin wins face-off versus Mikhail Grabovski in Panthers zone.
6:59 of 2nd period - Snap shot by Michel Ouellet.
6:59 of 2nd period - Stopped by Jeff Deslauriers without a rebound.
7:00 of 2nd period - Eric Staal wins face-off versus Scott Gomez in Panthers zone.
7:15 of 2nd period - Slapshot by Steve Montador.
7:15 of 2nd period - Stopped by Craig Anderson without a rebound.
7:16 of 2nd period - Mats Sundin wins face-off versus Patrik Berglund in Flames zone.
7:17 of 2nd period - Snap shot by Peter Prucha.
7:17 of 2nd period - Stopped by Craig Anderson without a rebound.
7:18 of 2nd period - Mats Sundin wins face-off versus Patrik Berglund in Flames zone.
7:23 of 2nd period - Wrist shot by Daniel Paille.
7:23 of 2nd period - Deflect By Jordin Tootoo.
7:23 of 2nd period - Shot Blocked by Steve Eminger.
7:23 of 2nd period - Puck is out of play.
7:24 of 2nd period - Patrik Berglund wins face-off versus Daniel Paille in Flames zone.
7:31 of 2nd period - Matthew Spiller is hit by Jordin Tootoo and loses puck.
7:38 of 2nd period - Snap shot by Peter Prucha.
7:38 of 2nd period - Stopped by Craig Anderson without a rebound.
7:39 of 2nd period - Eric Staal wins face-off versus Scott Gomez in Flames zone.
8:07 of 2nd period - Icing by Matthew Spiller.
8:08 of 2nd period - Daniel Paille wins face-off versus Patrik Berglund in Panthers zone.
8:29 of 2nd period - Snap shot by Daniel Paille.
8:29 of 2nd period - Stopped by Craig Anderson with a rebound.
8:31 of 2nd period - Slapshot by Steve Montador.
8:31 of 2nd period - Shot Blocked by Mark Bell.
9:03 of 2nd period - Slapshot by Steve Montador.
9:03 of 2nd period - Stopped by Craig Anderson without a rebound.
9:04 of 2nd period - Scott Gomez wins face-off versus Eric Staal in Flames zone.
9:13 of 2nd period - Snap shot by Taylor Hall.
9:13 of 2nd period - Deflect By Marian Hossa.
9:13 of 2nd period - Goal by Marian Hossa - Panthers : 4 - Flames : 1.
9:14 of 2nd period - Eric Staal wins face-off versus Scott Gomez in neutral zone.
9:21 of 2nd period - Scott Gomez is hit by Alexander Semin and loses puck.
9:41 of 2nd period - Minor Penalty to Steve Regier for Tripping.
9:42 of 2nd period - Colin Wilson wins face-off versus Scott Gomez in Flames zone.
9:42 of 2nd period - Colin Wilson is hit by Steve Montador.
10:24 of 2nd period - Tomas Kaberle is hit by Taylor Hall and loses puck.
11:39 of 2nd period - Colin Wilson is hit by Lubomir Visnovsky and loses puck.
11:41 of 2nd period - Penalty to Steve Regier is over, Steve Regier is back on ice.
11:54 of 2nd period - Wrist shot by Ryan Bayda.
11:54 of 2nd period - Shot Blocked by Steve Eminger.
11:58 of 2nd period - Slapshot by Ryan Bayda.
11:58 of 2nd period - Stopped by Craig Anderson without a rebound.
11:59 of 2nd period - Rickard Wallin wins face-off versus Patrik Berglund in Flames zone.
12:38 of 2nd period - Snap shot by Patrik Berglund.
12:38 of 2nd period - Stopped by Jeff Deslauriers with a rebound.
12:40 of 2nd period - Slapshot by Tomas Kaberle.
12:40 of 2nd period - Shot Misses the Net.
12:42 of 2nd period - Wrist shot by Patrik Berglund.
12:42 of 2nd period - Shot Blocked by Rickard Wallin.
12:44 of 2nd period - Backhand shot by Mark Bell.
12:44 of 2nd period - Stopped by Jeff Deslauriers with a rebound.
12:46 of 2nd period - Snap shot by Mark Bell.
12:46 of 2nd period - Shot Misses the Net.
13:06 of 2nd period - Alexander Perezhogin is hit by Erik Johnson and loses puck.
13:39 of 2nd period - Snap shot by Mark Bell.
13:39 of 2nd period - Stopped by Jeff Deslauriers with a rebound.
13:41 of 2nd period - Snap shot by Tomas Kaberle.
13:41 of 2nd period - Stopped by Jeff Deslauriers without a rebound.
13:42 of 2nd period - Scott Gomez wins face-off versus Eric Staal in Panthers zone.
13:47 of 2nd period - Wrist shot by Scott Gomez.
13:47 of 2nd period - Stopped by Craig Anderson without a rebound.
13:48 of 2nd period - Scott Gomez wins face-off versus Eric Staal in Flames zone.
13:51 of 2nd period - Wrist shot by Marian Hossa.
13:51 of 2nd period - Shot Misses the Net.
13:53 of 2nd period - Snap shot by Matthew Spiller.
13:53 of 2nd period - Shot Blocked by Steve Eminger.
13:55 of 2nd period - Wrist shot by Matthew Spiller.
13:55 of 2nd period - Shot Misses the Net.
13:57 of 2nd period - Slapshot by Steve Montador.
13:57 of 2nd period - Stopped by Craig Anderson with a rebound.
13:59 of 2nd period - Snap shot by Marian Hossa.
13:59 of 2nd period - Shot Misses the Net.
14:09 of 2nd period - Minor Penalty to David Backes for Roughing.
14:10 of 2nd period - Scott Gomez wins face-off versus Colin Wilson in Flames zone.
14:11 of 2nd period - Snap shot by Marian Hossa.
14:11 of 2nd period - Goal by Marian Hossa - Panthers : 5 - Flames : 1.
14:12 of 2nd period - Scott Gomez wins face-off versus Eric Staal in neutral zone.
14:25 of 2nd period - Eric Staal is hit by Bryan McCabe and loses puck.
15:11 of 2nd period - Wrist shot by Jordin Tootoo.
15:11 of 2nd period - Stopped by Jeff Deslauriers without a rebound.
15:12 of 2nd period - Eric Staal wins face-off versus Mats Sundin in Panthers zone.
15:13 of 2nd period - Snap shot by David Backes.
15:13 of 2nd period - Stopped by Jeff Deslauriers with a rebound.
15:15 of 2nd period - Wrist shot by Alexander Semin.
15:15 of 2nd period - Deflect By David Backes.
15:15 of 2nd period - Shot Misses the Net.
15:15 of 2nd period - Puck is out of play.
15:16 of 2nd period - Eric Staal wins face-off versus Mats Sundin in Panthers zone.
15:45 of 2nd period - Slapshot by Mark Bell.
15:45 of 2nd period - Stopped by Jeff Deslauriers without a rebound.
15:46 of 2nd period - Mark Bell wins face-off versus Scott Gomez in Panthers zone.
15:46 of 2nd period - Filip Kuba is hit by Marian Hossa and loses puck.
15:57 of 2nd period - Backhand shot by Taylor Hall.
15:57 of 2nd period - Stopped by Craig Anderson without a rebound.
15:58 of 2nd period - Eric Staal wins face-off versus Scott Gomez in Flames zone.
16:09 of 2nd period - Slapshot by Taylor Hall.
16:09 of 2nd period - Shot Blocked by Steve Eminger.
16:23 of 2nd period - Steve Montador is hit by Filip Kuba.
17:06 of 2nd period - Wrist shot by Alexander Semin.
17:06 of 2nd period - Stopped by Jeff Deslauriers without a rebound.
17:07 of 2nd period - Eric Staal wins face-off versus Scott Gomez in Panthers zone.
17:08 of 2nd period - Wrist shot by David Backes.
17:08 of 2nd period - Stopped by Jeff Deslauriers without a rebound.
17:09 of 2nd period - Eric Staal wins face-off versus Scott Gomez in Panthers zone.
17:16 of 2nd period - Snap shot by Alexander Semin.
17:16 of 2nd period - Stopped by Jeff Deslauriers without a rebound.
17:17 of 2nd period - Scott Gomez wins face-off versus Eric Staal in Panthers zone.
17:17 of 2nd period - Scott Gomez is hit by David Backes.
17:31 of 2nd period - Snap shot by Taylor Hall.
17:31 of 2nd period - Stopped by Craig Anderson without a rebound.
17:32 of 2nd period - Marian Hossa wins face-off versus David Backes in Flames zone.
17:39 of 2nd period - Matthew Spiller is hit by Steve Eminger and loses puck.
17:40 of 2nd period - Matthew Spiller from Panthers is injured at 17:40 of 2nd period (Sports Hernia).
17:41 of 2nd period - Taylor Hall wins face-off versus Eric Staal in Panthers zone.
17:41 of 2nd period - Taylor Hall is hit by Filip Kuba.
18:18 of 2nd period - Icing by Filip Kuba.
18:19 of 2nd period - Jonathan Matsumoto wins face-off versus Colin Wilson in Flames zone.
18:54 of 2nd period - Marian Hossa is hit by Tomas Kaberle and loses puck.
19:09 of 2nd period - Marian Hossa is hit by Tomas Kaberle and loses puck.
19:54 of 2nd period - Slapshot by Colin Wilson.
19:54 of 2nd period - Shot Blocked by Bryan McCabe.
19:56 of 2nd period - Wrist shot by Tomas Kaberle.
19:56 of 2nd period - Stopped by Jeff Deslauriers with a rebound.
Goals for this period are 2 for Panthers vs 0 for Flames.
Shots for this period are 22 for Panthers vs 14 for Flames.

3rd period


0:01 of 3rd period - Eric Staal wins face-off versus Scott Gomez in neutral zone.
0:36 of 3rd period - Backhand shot by Peter Prucha.
0:36 of 3rd period - Stopped by Craig Anderson with a rebound.
0:46 of 3rd period - Slapshot by Colin Wilson.
0:46 of 3rd period - Shot Misses the Net.
0:48 of 3rd period - Slapshot by Steve Eminger.
0:48 of 3rd period - Stopped by Jeff Deslauriers without a rebound.
0:49 of 3rd period - Patrik Berglund wins face-off versus Rickard Wallin in Panthers zone.
0:54 of 3rd period - Wrist shot by Jordin Tootoo.
0:54 of 3rd period - Shot Misses the Net.
0:55 of 3rd period - Alexander Perezhogin beats up Tomas Kaberle.
0:55 of 3rd period - Penalty to Tomas Kaberle for Fighting.
0:55 of 3rd period - Penalty to Alexander Perezhogin for Fighting.
0:56 of 3rd period - Eric Staal wins face-off versus Scott Gomez in Panthers zone.
1:03 of 3rd period - Erik Johnson is hit by Taylor Hall and loses puck.
1:25 of 3rd period - Off-side.
1:26 of 3rd period - Mats Sundin wins face-off versus Patrik Berglund in neutral zone.
2:02 of 3rd period - Wrist shot by Eric Staal.
2:02 of 3rd period - Shot Blocked by Bryan McCabe.
2:18 of 3rd period - Lubomir Visnovsky is hit by Milan Hejduk and loses puck.
2:31 of 3rd period - Lubomir Visnovsky is hit by Brad Marchand and loses puck.
2:42 of 3rd period - Minor Penalty to Filip Kuba for Holding.
2:43 of 3rd period - Colin Wilson wins face-off versus Taylor Hall in Flames zone.
2:52 of 3rd period - Colin Wilson is hit by Taylor Hall and loses puck.
3:19 of 3rd period - Wrist shot by Jordin Tootoo.
3:19 of 3rd period - Stopped by Jeff Deslauriers with a rebound.
4:17 of 3rd period - Steve Eminger is hit by Mats Sundin and loses puck.
4:42 of 3rd period - Penalty to Filip Kuba is over, Filip Kuba is back on ice.
5:02 of 3rd period - Wrist shot by David Backes.
5:02 of 3rd period - Stopped by Jeff Deslauriers with a rebound.
5:16 of 3rd period - Snap shot by David Backes.
5:16 of 3rd period - Stopped by Jeff Deslauriers with a rebound.
5:18 of 3rd period - Snap shot by Mikhail Grabovski.
5:18 of 3rd period - Shot Misses the Net.
5:31 of 3rd period - Snap shot by Filip Kuba.
5:31 of 3rd period - Shot Misses the Net.
5:33 of 3rd period - Slapshot by Ron Hainsey.
5:33 of 3rd period - Stopped by Jeff Deslauriers without a rebound.
5:34 of 3rd period - Mats Sundin wins face-off versus Patrik Berglund in Panthers zone.
5:49 of 3rd period - Snap shot by Jordin Tootoo.
5:49 of 3rd period - Stopped by Jeff Deslauriers without a rebound.
5:50 of 3rd period - Colin Wilson wins face-off versus Scott Gomez in Panthers zone.
7:27 of 3rd period - Jonathan Matsumoto is hit by Filip Kuba and loses puck.
7:42 of 3rd period - Steve Montador is hit by Tomas Kaberle and loses puck.
8:03 of 3rd period - Mats Sundin is hit by Filip Kuba.
8:17 of 3rd period - Marian Hossa is hit by Filip Kuba and loses puck.
8:53 of 3rd period - David Backes is hit by Scott Gomez and loses puck.
9:07 of 3rd period - David Backes is hit by Lubomir Visnovsky and loses puck.
9:18 of 3rd period - Icing by Scott Gomez.
9:19 of 3rd period - Patrik Berglund wins face-off versus Scott Gomez in Panthers zone.
9:20 of 3rd period - Snap shot by Jordin Tootoo.
9:20 of 3rd period - Shot Misses the Net.
9:51 of 3rd period - Slapshot by Mikhail Grabovski.
9:51 of 3rd period - Stopped by Jeff Deslauriers without a rebound.
9:52 of 3rd period - Mikhail Grabovski wins face-off versus Mats Sundin in Panthers zone.
9:53 of 3rd period - Slapshot by Michel Ouellet.
9:53 of 3rd period - Stopped by Jeff Deslauriers without a rebound.
9:54 of 3rd period - Mats Sundin wins face-off versus Colin Wilson in Panthers zone.
9:54 of 3rd period - Mats Sundin is hit by Steve Regier.
10:30 of 3rd period - Wrist shot by Milan Hejduk.
10:30 of 3rd period - Stopped by Jeff Deslauriers without a rebound.
10:31 of 3rd period - Eric Staal wins face-off versus Rickard Wallin in Panthers zone.
11:01 of 3rd period - Snap shot by Ryan Bayda.
11:01 of 3rd period - Goal by Ryan Bayda - Panthers : 6 - Flames : 1.
11:02 of 3rd period - Eric Staal wins face-off versus Scott Gomez in neutral zone.
11:02 of 3rd period - Eric Staal is hit by Taylor Hall.
11:12 of 3rd period - Wrist shot by David Backes.
11:12 of 3rd period - Shot Blocked by Steve Montador.
11:14 of 3rd period - Wrist shot by Eric Staal.
11:14 of 3rd period - Shot Blocked by Steve Montador.
11:33 of 3rd period - Wrist shot by Peter Prucha.
11:33 of 3rd period - Shot Blocked by Erik Johnson.
11:53 of 3rd period - Rickard Wallin is hit by Milan Hejduk and loses puck.
12:01 of 3rd period - Slapshot by Rickard Wallin.
12:01 of 3rd period - Stopped by Craig Anderson with a rebound.
12:13 of 3rd period - Wrist shot by Michel Ouellet.
12:13 of 3rd period - Stopped by Jeff Deslauriers without a rebound.
12:14 of 3rd period - Mikhail Grabovski wins face-off versus Jonathan Matsumoto in Panthers zone.
12:15 of 3rd period - Snap shot by Michel Ouellet.
12:15 of 3rd period - Stopped by Jeff Deslauriers with a rebound.
12:32 of 3rd period - Snap shot by Mattias Weinhandl.
12:32 of 3rd period - Shot Misses the Net.
12:34 of 3rd period - Slapshot by Bryan McCabe.
12:34 of 3rd period - Stopped by Craig Anderson without a rebound.
12:35 of 3rd period - Eric Staal wins face-off versus Scott Gomez in Flames zone.
12:40 of 3rd period - Bryan McCabe is hit by Eric Staal.
13:06 of 3rd period - Slapshot by Peter Prucha.
13:06 of 3rd period - Stopped by Craig Anderson without a rebound.
13:07 of 3rd period - Patrik Berglund wins face-off versus Scott Gomez in Flames zone.
13:07 of 3rd period - Patrik Berglund is hit by Scott Gomez.
13:16 of 3rd period - Minor Penalty to Steve Montador for Tripping.
13:17 of 3rd period - Eric Staal wins face-off versus Scott Gomez in Panthers zone.
15:16 of 3rd period - Penalty to Steve Montador is over, Steve Montador is back on ice.
15:45 of 3rd period - Minor Penalty to Alexander Perezhogin for Tripping.
15:46 of 3rd period - Eric Staal wins face-off versus Scott Gomez in Panthers zone.
17:19 of 3rd period - Keith Aulie is hit by Patrik Berglund and loses puck.
17:45 of 3rd period - Penalty to Alexander Perezhogin is over, Alexander Perezhogin is back on ice.
17:56 of 3rd period - Slapshot by Steve Montador.
17:56 of 3rd period - Stopped by Craig Anderson without a rebound.
17:57 of 3rd period - Colin Wilson wins face-off versus Jonathan Matsumoto in Flames zone.
18:02 of 3rd period - Milan Hejduk is hit by Steve Montador and loses puck.
18:56 of 3rd period - Snap shot by Ryan Bayda.
18:56 of 3rd period - Shot Blocked by Erik Johnson.
18:58 of 3rd period - Slapshot by Steve Montador.
18:58 of 3rd period - Deflect By Colin Wilson.
18:58 of 3rd period - Stopped by Craig Anderson with a rebound.
19:04 of 3rd period - Snap shot by Ryan Bayda.
19:04 of 3rd period - Stopped by Craig Anderson with a rebound.
Goals for this period are 1 for Panthers vs 0 for Flames.
Shots for this period are 8 for Panthers vs 11 for Flames.